 Dungeon Crawl Stone Soup version 0.28.0-45-g0d030f2227 (webtiles) character file.

Game seed: 5851098320474480191

37 namelastname112 the Skirmisher (level 3, -2/31 HPs)
             Began as a Draconian Monk on Mar 29, 2022.
             Slain by an orc priest
             ... wielding a +0 whip
              (3 damage)
             ... on level 1 of the Dungeon.
             The game lasted 00:01:05 (1165 turns).

namelastname112 the Skirmisher (Draconian Monk)     Turns: 1165, Time: 00:01:05

Health: -2/31      AC:  5    Str: 13    XL:     3   Next: 23%
Magic:  4/4        EV: 13    Int: 10    God:
Gold:   44         SH:  0    Dex: 15    Spells: 3/3 levels left

rFire   . . .      SeeInvis .     - Unarmed
rCold   . . .      Faith    .   (no shield)
rNeg    . . .      Spirit   .   (armour unavailable)
rPois   .          Reflect  .   (helmet restricted)
rElec   .          Harm     .   (no cloak)
rCorr   .          Rampage  .   (no gloves)
Will    .....                   (no boots)
Stlth   ++........              (no amulet)
HPRegen 0.10/turn               (no ring)
MPRegen 0.09/turn               (no ring)

@: no status effects
A: AC +5, unfitting armour, cold-blooded
a: no special abilities


You were on level 1 of the Dungeon.
You visited 1 branch of the dungeon, and saw 2 of its levels.

You collected 44 gold pieces.

Inventory:

Armour
 h - a +0 pair of gloves
Scrolls
 a - a scroll of amnesia {unknown}
 b - a scroll of enchant weapon {unknown}
 d - 2 scrolls of noise {unknown}
 e - a scroll of summoning {unknown}
 f - a scroll of magic mapping {unknown}
Potions
 c - a potion of heal wounds {unknown}
 g - a potion of mutation {unknown}


   Skills:
 + Level 3.6 Fighting
 + Level 3.0 Dodging
 - Level 1.7 Stealth
 * Level 3.5 Unarmed Combat
 + Level 0.9 Spellcasting


You had 3 spell levels left.
You didn't know any spells.
Your spell library contained the following spells:

 Spells                   Type           Power      Damage    Failure   Level
 Gell's Gravitas          Tloc           0%         N/A       71%         3
 Lesser Beckoning         Tloc           0%         N/A       71%         3
 Teleport Other           Tloc           0%         N/A       71%         3


Dungeon Overview and Level Annotations

Branches:
Dungeon (2/15)

Altars:


Innate Abilities, Weirdness & Mutations

Your plain brown scales are hard. (AC +5)
You cannot fit into any form of body armour.
You are cold-blooded and may be slowed by cold attacks.


Message History

Something hits you!
Deactivating autopickup; reactivate with Ctrl-A!
You climb upwards!
Reactivating autopickup!
There is a stone staircase leading down here!
You closely miss the orc priest! You tail-slap the orc priest!
The orc priest is lightly wounded!
The orc priest hits you with a +0 whip!
You beat the orc priest into a bloody pulp!
The orc priest is moderately wounded!
Something hits you!
Deactivating autopickup; reactivate with Ctrl-A!
The orc priest hits you with a +0 whip!
You pulverise the orc priest but do no damage!
The orc priest is moderately wounded!
Something hits you but does no damage! The orc priest misses you!
You closely miss the orc priest!
The orc priest is moderately wounded!
Something hits you but does no damage!
The orc priest calls down the wrath of Beogh upon you!
Beogh smites you!!! * * * don't die
* * * You are too injured to fight recklessly!!!
You are too injured to fight recklessly!!!
You are too injured to fight recklessly!!!
You are too injured to fight recklessly!!!
You are too injured to fight recklessly!!!
You are too injured to fight recklessly!!!
You beat the orc priest into a bloody pulp!
You tail-slap the orc priest, but do no damage!
The orc priest is severely wounded!
Something hits you! * * * don't die
* * * The orc priest misses you!
You barely miss the orc priest!
The orc priest is severely wounded!
Something hits you! * * * don't die
* * * The orc priest hits you with a +0 whip! rip

##........#.###.#####.#..)....##
###........#..##....##.#########
##.........##.##.......#
..(........##..#....####
##.........###.#....#
...........# #.#....#
##....†....# #......# #####
#.........# ##.....# #....
##############.@...# #....
#....{o).##########....
#.#####................
#.##..........#####....
#.##.##.......# #....
#....##.......# #....
#######.......# #.... #.......#
#.... #.......# #....


You could see an orc priest.

Vanquished Creatures
  A gnoll (D:1)
  A dart slug (D:1)
  2 orcs (D:1)
  2 ball pythons (D:1)
  2 bats (D:1)
  3 endoplasms (D:1)
  A giant cockroach (D:1)
  A goblin (D:1)
  2 hobgoblins (D:1)
  2 quokkas (D:1)
  3 kobolds (D:1)
  A rat (D:1)
21 creatures vanquished.

Notes
Turn   | Place    | Note
-------+----------+-------------------------------------------
     0 | D:1      | namelastname112 the Draconian Monk began the quest for the
                  | Orb.
     0 | D:1      | Reached XP level 1. HP: 19/19 MP: 1/1
   173 | D:1      | Reached XP level 2. HP: 18/26 MP: 2/2
   337 | D:1      | Found a faded altar of an unknown god.
   616 | D:1      | Reached XP level 3. HP: 29/31 MP: 4/4
  1165 | D:1      | HP: 1/31 [something (1)]
  1165 | D:1      | Slain by an orc priest

Illustrated notes

Levels and vault maps discovered:
D:1:      dpeg_arrival_three_same_balls, layout_basic,
          ebering_ecumenical_altar_rust, st_stairs_14,
          hangedman_abyss_or_decor_lesser_grid, palyth_stone_intersect
D:2:      layout_loops_ring, basic_altar

Skill      XL: |  1  2 |
---------------+-------+-----
Dodging        | 3 |  3.0
Fighting       | |  3.6
Stealth        | |  1.7
Unarmed Combat | |  3.5
Spellcasting   | |  0.9

Action                   || total
-------------------------++-------
Melee: Unarmed           ||    69
       Tailslap          ||     5
       Punch             ||     3
 Stab: Sleeping          ||     3
Armor: Skin              ||    19
Dodge: Dodged            ||    35
